 Dungeon Crawl Stone Soup version 0.17-a0-1479-g4041c36 (webtiles) character file.

14 urechis the Changer (level 2, 10/12 HPs)
             Began as a Felid Transmuter on July 3, 2015.
             Quit the game on level 1 of the Dungeon.
             The game lasted 00:01:50 (663 turns).

urechis the Changer (Felid Transmuter)               Turns: 663, Time: 00:01:50

Health: 10/12      AC:  1    Str:  6    XL:     2   Next: 31%
Magic:  6/6        EV: 18    Int: 14    God:
Gold:   11         SH:  0    Dex: 16    Spells: 1 memorised, 4 levels left
                                        Lives:  0   Deaths: 0

rFire  . . .     SeeInvis +       - Unarmed
rCold  . . .     Clarity  .     (armour unavailable)
rNeg   . . .     SustAt   .     (shield unavailable)
rPois  .         Gourm    .     (helmet unavailable)
rElec  .         Spirit   .     (cloak unavailable)
rCorr  .         Warding  .     (gloves unavailable)
rMut   .         Stasis   .     (boots unavailable)
MR     .....                    (no amulet)
Stlth  ++........               (no ring)
                                (no ring)

@: quick, not resistant to hostile enchantments, unstealthy
A: no armour, no weapons or thrown items, claws 1, fangs 3, see invisible,
carnivore 3, speed 1, shaggy fur 1, slow metabolism 1, sharp paws
a: no special abilities


You were on level 1 of the Dungeon.
You were not hungry.

You visited 1 branch of the dungeon, and saw 2 of its levels.

You collected 11 gold pieces.

Inventory:

Missiles
 a - 12 arrows
Scrolls
 d - a scroll of fear {unknown}
 e - a scroll of immolation {unknown}
 h - a scroll of random uselessness {unknown}
 i - a scroll of noise {unknown}
Potions
 g - a potion of flight {unknown}
 j - a potion of heal wounds {unknown}
Books
 b - a book of Changes

   Spells                             Type                      Level
   a - Beastly Appendage              Transmutation                1
   b - Sticks to Snakes               Transmutation                2
   c - Spider Form                    Transmutation/Poison         3
   d - Ice Form                       Ice/Transmutation            4
   e - Blade Hands                    Transmutation                5
Comestibles
 c - a meat ration
 f - a royal jelly


   Skills:
 - Level 1.0 Fighting
 - Level 2.6 Dodging
 - Level 3.0 Unarmed Combat
 - Level 2.0 Spellcasting
 + Level 3.3 Transmutations


You had 4 spell levels left.
You knew the following spells:

 Your Spells              Type           Power        Failure   Level  Hunger
a - Beastly Appendage     Trmt           ##....       10%         1    ##.....


Dungeon Overview and Level Annotations

Branches:
Dungeon (2/15)

Altars:


Innate Abilities, Weirdness & Mutations

You cannot wear armour.
You are incapable of wielding weapons or throwing items.
You have sharp claws.
You have razor-sharp teeth.
You have supernaturally acute eyesight.
You are carnivorous and can eat meat at any time.
You cover ground quickly.
You are covered in fur (AC +1).
You have a slow metabolism.
Your sharp claws are effective at attacking unaware monsters.


Message History

The bat misses you. The bat completely misses you.
You closely miss the bat. The bat misses you.
You closely miss the bat. Your bite misses the bat.
The bat completely misses you. The bat hits you. The bat misses you.
The bat barely misses you.
You scratch the bat.
You kill the bat!
No target in view!
No target in view!
No target in view!
No target in view!
No target in view!
No target in view!
No target in view!
No target in view!
No target in view!
No target in view!
No target in view!
Are you sure you want to abandon this character and quit the game? (Confirm with "yes".)

)....##....................#
#####...........#.#........#
###.........#.#####...##
#### ######....#.# .###
...### #.#..#.#####.##
###..## #....#.#.......
<.###.## #.#............
##.###.# #.####.#.......
##.##.# #....@>........
##.##.# #..###.#.......
##.##.## +..# #.##+#####
..###.# ..#.. #.. ####.##
...##.##... ##..## .....
..#.... ..### ..... #.#.....
### .... .#......


There were no monsters in sight!

Vanquished Creatures
  An ooze (D:1)
  2 goblins (D:1)
  2 kobolds (D:1)
  A ball python (D:1)
  A bat (D:1)
  A giant cockroach (D:1)
  A giant newt (D:1)
  3 rats (D:1)
12 creatures vanquished.

Notes
Turn   | Place    | Note
--------------------------------------------------------------
     0 | D:1      | urechis the Felid Transmuter began the quest for the Orb.
     0 | D:1      | Reached XP level 1. HP: 9/9 MP: 4/4
    18 | D:1      | You fall through a shaft!
    91 | D:1      | Reached XP level 2. HP: 4/12 MP: 4/6
   663 | D:1      | Quit the game

Vault maps used:
D:1:      dpeg_arrival_solitude
D:2:      serial_glass, glass_columns_b, glass_columns_a, glass_columns_b,
          glass_columns_a, glass_columns_c, glass_columns_a, glass_columns_a,
          glass_columns_a, glass_columns_a, glass_columns_b, minmay_unequal

Action                   || total
-------------------------++-------
Melee: Unarmed           ||    31
 Cast: Beastly Appendage ||     5
 Stab: Sleeping          ||     3
